 Dungeon Crawl Stone Soup version 0.28.0-53-g5a82cb258f (webtiles) character file.

Game seed: 10414817193748819488

188 hawla the Firebug (level 5, -11/21 HPs)
             Began as a Felid Fire Elementalist on May 23, 2022.
             Killed by divine providence
             ... invoked by an orc priest
              (14 damage)
             ... on level 3 of the Dungeon.
             The game lasted 00:11:54 (5458 turns).

hawla the Firebug (Felid Fire Elementalist)         Turns: 5458, Time: 00:11:54

Health: -11/21     AC:  1    Str:  4    XL:     5   Next: 39%
Magic:  0/9        EV: 19    Int: 19    God:
Gold:   45         SH:  0    Dex: 22    Spells: 2/9 levels left
                                        Lives:  0   Deaths: 1

rFire   . . .      SeeInvis +   (weapon unavailable)
rCold   . . .      Faith    .   (shield unavailable)
rNeg    . . .      Spirit   .   (armour unavailable)
rPois   .          Reflect  .   (helmet unavailable)
rElec   .          Harm     .   (cloak unavailable)
rCorr   .          Rampage  .   (gloves unavailable)
Will    .....                   (boots unavailable)
Stlth   +++.......              (no amulet)
HPRegen 0.07/turn               a - +6 ring of dexterity
MPRegen 0.11/turn               (no ring)

@: quick
A: very small, claws 1, fangs 3, see invisible, speed 1, shaggy fur 1, stealthy
paws, no weapons or thrown items, no armour, multi-lived
a: no special abilities


You were on level 3 of the Dungeon.
You visited 1 branch of the dungeon, and saw 3 of its levels.

You collected 45 gold pieces.

Inventory:

Jewellery
 a - a +6 ring of dexterity (left paw)
Scrolls
 b - 2 scrolls of immolation
 d - a scroll of identify


   Skills:
 + Level 0.4 Fighting
 + Level 3.8 Dodging
 - Level 3.0 Stealth
 - Level 0.3 Unarmed Combat
 - Level 2.5 Spellcasting
 * Level 2.3 Conjurations
 * Level 5.1 Fire Magic


You had 2 spell levels left.
You knew the following spells:

 Your Spells              Type           Power      Damage    Failure   Level
a - Foxfire               Conj/Fire      64%        2x1d7     3%          1
b - Scorch                Fire           42%        2d7       3%          2
c - Flame Wave            Conj/Fire      16%        2d6       34%         4

Your spell library contained the following spells:

 Spells                   Type           Power      Damage    Failure   Level
 Conjure Flame            Conj/Fire      16%        6-21      11%         3
 Inner Flame              Hex/Fire       12%        N/A       17%         3


Dungeon Overview and Level Annotations

Branches:
Dungeon (3/15)

Altars:
Elyvilon
Uskayaw
Xom
Zin

Shops:
D:2 :


Innate Abilities, Weirdness & Mutations

You have sharp claws.
You have razor-sharp teeth.
You have supernaturally acute eyesight. (SInv)
You cover ground quickly. (Speed+)
You are covered in fur. (AC +1)
Your paws help you pounce on unaware monsters.
You are incapable of wielding weapons or throwing items.
You cannot wear armour.
You gain extra lives every three experience levels.


Message History

Casting: Scorch (safe; 3% risk of failure)
Confirm with . or Enter, or press ? or * to list all spells.
Flames lash the orc priest.
The orc priest is severely wounded.
Casting: Scorch (safe; 3% risk of failure)
Confirm with . or Enter, or press ? or * to list all spells.
You conjure some foxfire!
The orc priest closely misses you.
Casting: Foxfire (safe; 3% risk of failure)
Confirm with . or Enter, or press ? or * to list all spells.
Flames lash the orc priest but do no damage.
The foxfire hits the orc priest.
The orc priest is severely wounded.
The orc priest mumbles some strange prayers to Beogh against you.
Beogh smites you!
Ouch! That really hurt!
Casting: Scorch (safe; 3% risk of failure)
Confirm with . or Enter, or press ? or * to list all spells.
You conjure some foxfire!
The orc priest hits you with a +0 dagger of protection.
* * * LOW HITPOINT WARNING * * *
You aren't carrying any potions.
Okay, then.
You scratch the orc priest but do no damage.
The orc priest is severely wounded.
The foxfire hits the orc priest but does no damage.
The orc priest is severely wounded.
The orc priest hits you with a +0 dagger of protection.
* * * LOW HITPOINT WARNING * * *
The orc priest is no longer more vulnerable to fire.
The orc priest looks braver for a moment.
Casting: Foxfire (safe; 3% risk of failure)
Confirm with . or Enter, or press ? or * to list all spells.
You conjure some foxfire!
The foxfire hits the orc priest but does no damage.
The orc priest is severely wounded.
Your foxfire dissipates!
The orc priest invokes the aid of Beogh against you.
Beogh smites you!
Ouch! That really hurt!
You die...

8## ..# ##.##.....
## #.# #...##...#
########.###
#....#####
...........#
#.......#
##.##⌠##.#.#
#.......#
###..####.#
#.......#
###♣♣_^♣##.#
#.......#
.#♣^...≈.#o#
##########.......##
.#...≈..≈#.#
#.@...........##...
.⌠♣.^_♣..⌠.#
#.###########.##.##
##..≈..≈##.# #.#
#.##.# #^..._###.#
#o# #....#
###.._.##.####.#
######
##^..##.......#
##⌠##..#######
#....## ######


You could see an orc priest.

Vanquished Creatures
  A jelly (D:2)
  3 orc priests (D:3)
  3 orc wizards (D:3)
  2 adders
  3 worms
  A dart slug (D:1)
  9 orcs (D:3)
  5 ball pythons
  5 bats
  5 endoplasms
  7 giant cockroaches
  4 goblins
  10 hobgoblins
  3 jackals (D:2)
  3 quokkas (D:1)
  3 frilled lizards
  9 kobolds
  2 rats (D:3)
78 creatures vanquished.

Vanquished Creatures (others)
  176 foxfires
176 creatures vanquished.

Grand Total: 254 creatures vanquished

Notes
Turn   | Place    | Note
-------+----------+-------------------------------------------
     0 | D:1      | hawla the Felid Fire Elementalist began the quest for the
                  | Orb.
     0 | D:1      | Reached XP level 1. HP: 7/7 MP: 4/4
   228 | D:1      | Reached skill level 3 in Fire Magic
   228 | D:1      | You fall into a shaft and drop 1 floor!
   334 | D:2      | Reached skill level 1 in Conjurations
   334 | D:2      | Reached XP level 2. HP: 10/11 MP: 0/6
   944 | D:2      | Reached XP level 3. HP: 14/14 MP: 2/7
  1021 | D:2      | Found a white marble altar of Elyvilon.
  1034 | D:2      | Learned a level 2 spell: Scorch
  1396 | D:2      | Found a faded altar of an unknown god.
  1519 | D:2      | Reached XP level 4. HP: 5/18 MP: 3/8
  1956 | D:2      | Found Novvua's Book Shoppe.
  2035 | D:1      | Learned a level 4 spell: Flame Wave
  3687 | D:3      | Reached skill level 4 in Fire Magic
  4082 | D:3      | Reached XP level 5. HP: 17/21 MP: 2/9
  4616 | D:3      | HP: 1/21 [orc priest/+2 trident of holy wrath (3)]
  4618 | D:3      | Killed from afar by an orc priest
  4619 | D:3      | Reached XP level 4. HP: -4/27 MP: 0/8
  4684 | D:3      | Found a hide-covered altar of Uskayaw.
  4735 | D:3      | Found a glowing silver altar of Zin.
  4835 | D:3      | Found a shimmering altar of Xom.
  4836 | D:3      | Found a shimmering altar of Xom.
  4836 | D:3      | Found a shimmering altar of Xom.
  4838 | D:3      | Found a shimmering altar of Xom.
  5109 | D:3      | Reached XP level 5. HP: 21/21 MP: 5/9
  5187 | D:3      | Reached skill level 5 in Fire Magic
  5458 | D:3      | Killed from afar by an orc priest

Illustrated notes

Levels and vault maps discovered:
D:1:      dpeg_arrival_solitude, layout_loops_corners,
          chequers_serial_rivers_marsh
D:2:      layout_basic, serial_shops, shop, basic_altar, basic_ecumenical_altar
D:3:      layout_basic, xom_redecorated, lemuel_round_altar, zin_scriptorium,
          serial_corexii_hall, chequers_hall_statues_y, chequers_hall_statues_y

Skill      XL: |  1  2  3  4  5 |
---------------+----------------+-----
Fire Magic     | 3 4 5 |  5.1
Dodging        | 3 |  3.8
Conjurations   | 1 2 |  2.3
Stealth        | 3 |  3.0
Fighting       | |  0.4
Unarmed Combat | |  0.3
Spellcasting   | |  2.5

Action                   |  1- 3 |  4- 6 || total
-------------------------+-------+-------++-------
Melee: Unarmed           |    17 |    58 ||    75
       Bite              |     1 |     7 ||     8
       Punch             |       |     1 ||     1
 Cast: Foxfire           |    41 |    71 ||   112
       Scorch            |     2 |    22 ||    24
       Flame Wave        |       |     4 ||     4
  Use: Scroll            |       |     6 ||     6
       Potion            |       |     2 ||     2
 Stab: Sleeping          |     1 |     3 ||     4
Armor: Skin              |     2 |     6 ||     8
Dodge: Dodged            |    23 |    71 ||    94
